 Dungeon Crawl Stone Soup version 0.30.0-29-ga12c61a403 (webtiles) character file.

Game seed: 12408095134278714170

54 7w4c the Chopper (level 3, -3/34 HPs)
             Began as a Hill Orc Berserker on June 22, 2023.
             Was a Believer of Trog.
             Slain by Natasha (11 damage)
             ... on level 2 of the Dungeon.
             The game lasted 00:04:37 (1427 turns).

7w4c the Chopper (Hill Orc Berserker)               Turns: 1427, Time: 00:04:38

Health: -3/34      AC:  3    Str: 21    XL:     3   Next: 91%
Magic:  3/3        EV: 11    Int:  7    God:    Trog [**....]
Gold:   55         SH:  0    Dex: 10    Spells: 2/2 levels left

rFire   . . .        a - +2 hand axe
rCold   . . .        (no shield)
rNeg    . . .        i - +0 leather armour
rPois   .            (no helmet)
rElec   .            (no cloak)
rCorr   .            (no gloves)
SInv    .            (no boots)
Will    .....        (no amulet)
Stlth   +            (no ring)
HPRegen 0.25/turn    (no ring)
MPRegen 0.08/turn

%: no passive effects
@: mighty
A: no striking features
a: Renounce Religion, Berserk, Trog's Hand


You were on level 2 of the Dungeon.
You worshipped Trog.
Trog was pleased with you.
You visited 1 branch of the dungeon, and saw 2 of its levels.

You collected 55 gold pieces.

Inventory:

Hand Weapons
 a - a +2 hand axe (weapon)
Armour
 i - a +0 leather armour (worn)
Scrolls
 c - 5 scrolls of teleportation
 d - a scroll of torment
 k - a scroll of amnesia
Potions
 f - 2 potions of invisibility {unknown}
 g - a potion of ambrosia {unknown}
 h - a potion of attraction {unknown}
 j - a potion of lignification {unknown}


   Skills:
 + Level 4.6 Fighting
 + Level 4.9 Axes
 + Level 2.3 Armour
 + Level 2.0 Dodging
 + Level 0.1 Stealth


You had 2 spell levels left.
You didn't know any spells.
Your spell library was empty.

Dungeon Overview and Level Annotations

Branches:
Dungeon (2/15)

Altars:

Annotations:
D:2 Natasha


Message History

Natasha hisses angrily.
Natasha extends her claws.
Natasha is nearby!
Natasha is nearby!
Natasha is nearby!
Natasha is nearby!
Natasha is nearby!
You see here a hobgoblin skeleton.
Natasha claws you. Natasha claws you.
You hit Natasha.
Natasha is lightly wounded.
Natasha drinks a potion.
Natasha seems to grow stronger.
You closely miss Natasha.
Natasha is lightly wounded.
Natasha claws you but does no damage.
You closely miss Natasha.
Natasha is lightly wounded.
Natasha casts a spell at you. The magic dart hits you!
You barely miss Natasha.
Natasha is lightly wounded.
Natasha closely misses you.
You hit Natasha but do no damage.
Natasha is lightly wounded.
Natasha closely misses you.
You closely miss Natasha.
Natasha is lightly wounded.
Natasha casts a spell at you. The magic dart hits you.
You barely miss Natasha. You punch Natasha.
Natasha is heavily wounded.
Natasha claws you. x2
* * * LOW HITPOINT WARNING * * *
You barely miss Natasha.
Natasha is heavily wounded.
Natasha claws you but does no damage.
You feel very mighty all of a sudden. Natasha claws you!
You die...

#.### #.##.# ####.#.#.# ...<####
#.##.############.#.#.#
##.....####.##..#...........#.#.#
#####..#...###.#.###########.#.#
##.....# #.#.##### #....#.#
###>....#.รท.....# #.####.#
#####.#....##.# #.####.#
#......##.# #......# ###h@..##.#
######## .............#
.############# .#.....).##
..........# ..........#
...$......# #........#
..........#


You could see Natasha (strong).

Vanquished Creatures
  2 adders (D:2)
  A bat (D:1)
  3 endoplasms
  A giant cockroach (D:2)
  5 goblins
  5 hobgoblins
  4 jackals (D:1)
  4 ball pythons (D:1)
  A frilled lizard (D:1)
  4 kobolds
  A rat (D:1)
31 creatures vanquished.

Notes
Turn   | Place    | Note
-------+----------+-------------------------------------------
     0 | D:1      | 7w4c the Hill Orc Berserker began the quest for the Orb.
     0 | D:1      | Reached XP level 1. HP: 19/19 MP: 1/1
   179 | D:1      | Reached XP level 2. HP: 23/27 MP: 2/2
   503 | D:1      | Found a faded altar of an unknown god.
   600 | D:1      | You fall into a shaft and drop 1 floor!
   636 | D:1      | Reached XP level 3. HP: 29/34 MP: 3/3
  1135 | D:2      | Identified the +4 dagger of the Ass {holy, Will+}
  1151 | D:2      | Reached ** piety under Trog
  1412 | D:2      | Noticed Natasha
  1427 | D:2      | Slain by Natasha

Illustrated notes

Levels and vault maps discovered:
D:1:      minmay_arrival_four_loops, layout_loops_ring,
          chequers_ecumenical_altar_simple
D:2:      layout_basic, chequers_serial_rivers_micro_a, uniq_natasha

Skill      XL: |  1  2  3 |
---------------+----------+-----
Fighting       | 4 |  4.6
Dodging        | 2 |  2.0
Axes           | |  4.9
Armour         | |  2.3
Stealth        | |  0.1

Action                     || total
---------------------------++-------
  Melee: Hand axe          ||    89
         Punch             ||     1
    Use: Scroll            ||     7
         Potion            ||     2
 Armour: Animal skin       ||    19
         Leather armour    ||     2
  Dodge: Dodged            ||    53
